 Dungeon Crawl Stone Soup version 0.30-b1-2-g02819fbbbe (webtiles) character file.

Game seed: 1697171291569635297

3266 Fartwhistle the Transmogrifier (level 10, -20/82 HPs)
             Began as a Naga Transmuter on June 10, 2023.
             Was an Initiate of Cheibriados.
             Killed from afar by a tengu conjurer (27 damage)
             ... with a bolt of lightning
             ... on level 9 of the Dungeon.
             The game lasted 00:19:54 (13048 turns).

Fartwhistle the Transmogrifier (Naga Transmuter)   Turns: 13048, Time: 00:19:55

Health: -20/82     AC:  2    Str: 14    XL:     10   Next: 0%
Magic:  19/20      EV: 19    Int: 24    God:    Cheibriados [......]
Gold:   646        SH:  0    Dex: 18    Spells: 10/23 levels left

rFire   . .          .
                       - Unarmed
rCold   + . .        (shield currently unavailable)
rNeg    . . .        a - melded +0 robe
rPois   x            (helmet currently unavailable)
rElec   .            (cloak currently unavailable)
rCorr   .            (gloves currently unavailable)
SInv    +            (no barding)
Will    +....        (no amulet)
Stlth   ++           o - ring of protection from cold
HPRegen 0.33/turn    r - +6 ring of intelligence
MPRegen 0.17/turn

%: no passive effects
@: lethally poisoned (-20 -> -24), spider-form, very slow
A: venomous fangs, AC +3, tiny, see invisible, (deformed body), (poison
resistance), (slowness 2), spit poison 1, (naga tail 1)
a: Spit Poison, End Transformation, Renounce Religion


You were on level 9 of the Dungeon.
You worshipped Cheibriados.
Cheibriados was noncommittal.
You were a venomous arachnid creature.
You visited 2 branches of the dungeon, and saw 10 of its levels.

You collected 646 gold pieces.

Inventory:

Armour
 a - a +0 robe (melded)
Magical Staves
 p - a staff of fire
Jewellery
 o - a ring of protection from cold (left front pincers)
 r - a +6 ring of intelligence (right front pincers)
 u - a +6 ring of intelligence
Wands
 m - a wand of light (11)
 w - a wand of charming (8)
 x - a wand of flame (11)
 A - a wand of roots (4)
Scrolls
 f - a scroll of enchant weapon
 h - a scroll of fear {unknown}
 i - a scroll of amnesia {unknown}
 k - a scroll of magic mapping
 l - 2 scrolls of poison {unknown}
 n - 2 scrolls of identify
 s - 4 scrolls of teleportation {unknown}
 y - 2 scrolls of enchant armour {unknown}
 z - a scroll of vulnerability {unknown}
Potions
 b - 2 potions of mutation {unknown}
 c - 6 potions of curing {unknown}
 d - 2 potions of magic {unknown}
 g - a potion of resistance {unknown}
 j - 6 potions of might {unknown}
 q - a potion of brilliance {unknown}
 t - 2 potions of haste {unknown}
 v - a potion of degeneration {unknown}
 B - a potion of attraction {unknown}


   Skills:
 + Level 2.9 Fighting
 - Level 1.5 Dodging
 + Level 6.7 Unarmed Combat
 - Level 7.1 Spellcasting
 - Level 2.0 Conjurations
 + Level 8.5 Transmutations
 - Level 2.0 Ice Magic
 - Level 2.0 Air Magic
 - Level 2.0 Poison Magic


You had 10 spell levels left.
You knew the following spells:

 Your Spells              Type           Power      Damage    Failure   Level
a - Beastly Appendage     Tmut           98%        N/A       2%          1
b - Wereblood             Tmut           49%        N/A       2%          2
c - Spider Form           Tmut/Pois      33%        N/A       10%         3
d - Ice Form              Ice/Tmut       33%        N/A       22%         4
e - Mephitic Cloud        Conj/Pois/Air  18%        N/A       24%         3

Your spell library contained the following spells:

 Spells                   Type           Power      Damage    Failure   Level
 Passwall                 Tmut/Erth      24%        N/A       8%          2
 Poisonous Vapours        Pois/Air       36%        N/A       14%         2
 Necrotise                Necr           32%        1d5       19%         1
 Sandblast                Erth           16%        2d6       19%         1
 Petrify                  Tmut/Erth      29%        N/A       28%         4
 Stone Arrow              Conj/Erth      26%        3d8       32%         3
 Vampiric Draining        Necr           8%         2d6       43%         3
 Alistair's Intoxication  Tmut/Pois      22%        N/A       43%         5
 Freezing Cloud           Conj/Ice/Air   9%         6-21      83%         5
 Eringya's Noxious Bog    Tmut/Pois      16%        N/A       90%         6
 Metabolic Englaciation   Hex/Ice        6%         N/A       91%         5
 Statue Form              Tmut/Erth      19%        N/A       96%         6
 Agony                    Necr           8%         N/A       97%         5
 Borgnjor's Vile Clutch   Necr/Erth      4%         N/A       97%         5


Dungeon Overview and Level Annotations

Branches:
Dungeon (9/15)             Temple (1/1) D:5            Lair (0/5) D:9
    Orc: D:9-12

Altars:
Ashenzari
Cheibriados
Elyvilon
Fedhas
Gozag
Hepliaklqana
Makhleb
Nemelex Xobeh
Okawaru
Qazlal
Ru
Sif Muna
Trog
Uskayaw
Vehumet
Wu Jian
Xom
Yredelemnul
Zin
The Shining One


Innate Abilities, Weirdness & Mutations

You are a venomous arachnid creature.
You have venomous fangs.
You are tiny and dextrous.
Your spellcasting is less reliable in this form.
Your armour is entirely melded.
You are incapable of wielding weapons or throwing items.
((Your serpentine skin is tough. (AC +3)))
You have supernaturally acute eyesight. (SInv)
((Armour fits poorly on your strangely shaped body.))
((Your system is resistant to poisons. (rPois)))
((You cover ground very slowly.))
You can spit poison.
((You have a snake-like lower body.))


Message History

The red ugly thing misses you. The tengu conjurer misses you.
The tengu conjurer barely misses you. The tengu conjurer misses you.
The tengu conjurer attacks as you move away!
The tengu conjurer misses you. The tengu conjurer pecks you.
The tengu conjurer closely misses you.
You feel very sick. The water moccasin closely misses you.
The red ugly thing attacks as you move away!
The red ugly thing bites you!
You are engulfed in flames!!
The water moccasin attacks as you move away!
The water moccasin closely misses you.
You feel very sick.
You feel very sick.
You feel very sick. The tengu conjurer hits you!
* * * LOW HITPOINT WARNING * * *
The tengu conjurer pecks you.
* * * LOW HITPOINT WARNING * * *
The tengu conjurer closely misses you.
As you read the scroll labelled DOGOEG QYACUSK, it crumbles to dust.
It is a scroll of identify.
C - a scroll of blinking You feel sick.
The tengu conjurer hits you.
* * * LOW HITPOINT WARNING * * *
The tengu conjurer pecks you but does no damage.
The tengu conjurer completely misses you.
Blink to where?
Press: ? - help, Dir - move target
As you read the scroll of blinking, it crumbles to dust.
You feel sick.
As you read the scroll labelled DOWKAWK IFUSE, it crumbles to dust.
It is a scroll of enchant weapon.
You aren't carrying any weapons that can be enchanted.
You feel sick.
As you read the scroll labelled OMUDEA KOTHESH, it crumbles to dust.
You feel aware of your surroundings.
You sensed 1 altar.
It was a scroll of magic mapping.
You feel sick.
The tengu conjurer casts a spell at you.
The bolt of lightning hits you!!
You die...

**,**,,,,,,,,*
,,,,,,,,,,,,,*
**,***,******* *,* *,* *,*
*,* ####### *,***,** #......
**,,,,,,* #.##### ,+,>,,,,*
###### #.# **,,,,,,* #.s..#
#.# *,,,,,,*** #....#
#####.#
*****,,,,****#....####.....#
****,,,,,#......!......#
*,,,,,.....#####....###
*,,,,..........###....#
*,,,,..####.*....#..#.#
*,,,..##....Q.QSu##.#.#
*,,,,,#.....###*..#...#


You could see a tengu conjurer and a battlesphere.

Vanquished Creatures
  A hornet (D:6)
  A wyvern (D:8)
  A steam dragon (D:7)
  An acid dragon (D:9)
  2 wargs (D:9)
  2 orc warriors
  A sky beast (D:7)
  A black bear (D:5)
  2 ice beasts (D:6)
  A centaur (D:7)
  A kobold brigand (D:6)
  2 phantoms
  3 bullfrogs
  A gnoll sergeant (D:7)
  A scorpion (D:4)
  10 killer bees (D:8)
  2 howler monkeys (D:7)
  2 jellies
  2 hounds (D:6)
  4 orc priests
  2 sleepcaps
  2 iguanas
  5 orc wizards
  8 adders
  8 gnolls
  A river rat (D:6)
  A white imp (D:4)
  2 ufetubi
  2 worms
  4 dart slugs
  25 orcs
  3 endoplasms
  3 giant cockroaches
  3 goblins
  5 hobgoblins
  11 jackals
  10 kobolds
  2 quokkas (D:3)
  4 ball pythons
  5 bats
  3 frilled lizards
  8 rats
158 creatures vanquished.

Notes
Turn   | Place    | Note
-------+----------+-------------------------------------------
     0 | D:1      | Fartwhistle the Naga Transmuter began the quest for the
                  | Orb.
     0 | D:1      | Reached XP level 1. HP: 18/18 MP: 3/3
   109 | D:1      | Reached XP level 2. HP: 2/25 MP: 5/5
   306 | D:1      | Learned a level 2 spell: Wereblood
   341 | D:1      | Found a faded altar of an unknown god.
   726 | D:1      | Reached skill level 3 in Transmutations
  1021 | D:2      | Reached XP level 3. HP: 31/31 MP: 6/6
  1514 | D:2      | Learned a level 3 spell: Spider Form
  1993 | D:3      | Noticed a phantom
  2017 | D:3      | Killed a phantom
  2018 | D:3      | Reached skill level 1 in Poison Magic
  2018 | D:3      | Reached XP level 4. HP: 13/38 MP: 2/8
  2145 | D:3      | Reached skill level 4 in Transmutations
  2222 | D:3      | Reached XP level 5. HP: 40/44 MP: 7/9
  3742 | D:4      | Reached skill level 5 in Transmutations
  3742 | D:4      | Reached XP level 6. HP: 27/51 MP: 6/11
  4049 | D:3      | Learned a level 4 spell: Ice Form
  4900 | D:5      | Entered Level 5 of the Dungeon
  5040 | D:5      | Found a staircase to the Ecumenical Temple.
  5054 | D:5      | Reached skill level 1 in Ice Magic
  5068 | Temple   | Entered the Ecumenical Temple
  5274 | D:5      | Noticed a black bear
  5286 | D:5      | Killed a black bear
  5287 | D:5      | Reached XP level 7. HP: 55/60 MP: 9/13
  5759 | D:5      | Learned a level 3 spell: Mephitic Cloud
  6517 | D:6      | Reached skill level 1 in Conjurations
  6596 | D:6      | Reached skill level 1 in Air Magic
  7267 | D:6      | Found a bloodstained altar of Trog.
  7267 | D:6      | Found a snail-covered altar of Cheibriados.
  7282 | D:6      | Reached XP level 8. HP: 50/68 MP: 14/14
  7573 | D:6      | Reached skill level 6 in Transmutations
  8243 | D:7      | Noticed a hornet
  8346 | D:6      | Killed a hornet
  8347 | D:6      | Reached skill level 5 in Spellcasting
  9284 | D:7      | HP: 2/68 [steam dragon (7)]
  9289 | D:7      | HP: 3/68 [steam dragon] (5)]
  9567 | D:7      | Reached skill level 7 in Transmutations
  9597 | D:7      | Reached XP level 9. HP: 39/74 MP: 8/17
  9822 | D:7      | Found a glowing golden altar of the Shining One.
  9841 | D:7      | Reached skill level 5 in Unarmed Combat
 10871 | D:8      | Found an ornate altar of the Wu Jian Council.
 10918 | D:8      | Found a glowing silver altar of Zin.
 11436 | D:8      | Found a burning altar of Makhleb.
 11666 | D:8      | Reached skill level 8 in Transmutations
 12692 | D:9      | Reached XP level 10. HP: 77/82 MP: 20/20
 12712 | D:9      | Found a shimmering blue altar of Sif Muna.
 12751 | D:9      | Found a staircase to the Lair.
 12872 | D:6      | Became a worshipper of Cheibriados the Contemplative
 13035 | D:9      | Noticed a red ugly thing
 13048 | D:9      | Killed from afar by a tengu conjurer

Illustrated notes

Levels and vault maps discovered:
D:1:      minmay_arrival_shattered_statue, layout_basic,
          ebering_ecumenical_altar_hall
D:2:      layout_loops_ring
D:3:      layout_loops_ring, serial_bayou_crossing
D:4:      layout_layer_cave, nicolae_hexahallways
D:5:      layout_basic, minmay_temple_entry_grid, serial_rivers,
          chequers_serial_rivers_room_a, chequers_serial_rivers_small_b,
          chequers_serial_rivers_micro_a, chequers_serial_rivers_room_a
D:6:      layout_basic, mainiacjoe_overflow_divided_tiny, gup_sewer_entry_spiral
D:7:      layout_basic, mainiacjoe_overflow_brackets
D:8:      layout_loops_corners, nicolae_wu_jian_immortal_techniques,
          mainiacjoe_overflow_alcove_2, mainiacjoe_overflow_small_starburst
D:9:      layout_basic, tgw_sif, mainiacjoe_overflow_chevrons,
          erik_lair_orcish_takeover, minmay_radiant
Temple:   hellmonk_temple_forest_ring

Skill      XL: |  1  2  3  4  5  6  7  8  9 |
---------------+----------------------------+-----
Transmutations | 3 4 5 7 8 |  8.5
Poison Magic   | 1 2 |  2.0
Spellcasting   | 3 4 5 7 |  7.1
Ice Magic      | 1 2 |  2.0
Fighting       | 2 |  2.9
Conjurations   | 1 2 |  2.0
Air Magic      | 1 2 |  2.0
Unarmed Combat | 4 6 |  6.7
Dodging        | |  1.5

Action                     |  1- 3 |  4- 6 |  7- 9 | 10-12 || total
---------------------------+-------+-------+-------+-------++-------
  Melee: Unarmed           |   108 |   229 |   404 |     3 ||   744
         Headbutt          |     3 |     3 |       |       ||     6
         Punch             |     2 |     3 |     4 |       ||     9
   Cast: Beastly Appendage |     4 |     3 |       |       ||     7
         Spider Form       |     1 |    10 |    17 |     1 ||    29
         Ice Form          |       |       |    11 |       ||    11
         Mephitic Cloud    |       |       |     4 |       ||     4
Ability: Spit Poison       |    19 |     2 |    10 |       ||    31
    Use: Potion            |     1 |       |     8 |       ||     9
         Scroll            |       |       |       |     4 ||     4
   Stab: Distracted        |     1 |       |       |       ||     1
         Confused          |       |       |     4 |       ||     4
 Armour: Robe              |    20 |    48 |    39 |       ||   107
         Skin              |     2 |     4 |    57 |     1 ||    64
  Dodge: Dodged            |    66 |   142 |   266 |    15 ||   489
